 Dungeon Crawl Stone Soup version 0.25-a0-713-g4845790874 (webtiles) character file.

Game seed: 4554008313062416078, levelgen mode: deterministic

735 vurker the Gusty (level 7, 32/32 HPs)
             Began as a Felid Air Elementalist on Apr 5, 2020.
             Was an Initiate of Vehumet.
             Quit the game on level 7 of the Dungeon.
             The game lasted 00:14:55 (8933 turns).

vurker the Gusty (Felid Air Elementalist)           Turns: 8933, Time: 00:14:55

Health: 32/32      AC:  2    Str:  4    XL:     7   Next: 45%
Magic:  16/16      EV: 18    Int: 19    God:    Vehumet [......]
Gold:   190        SH:  0    Dex: 16    Spells: 7/17 levels left
                                        Lives:  0   Deaths: 2

rFire    . . .     SeeInvis +   (weapon unavailable)
rCold    . . .     Gourm    .   (shield unavailable)
rNeg     . . .     Faith    .   (armour unavailable)
rPois    .         Spirit   .   (helmet unavailable)
rElec    .         Reflect  .   (cloak unavailable)
rCorr    .         Harm     .   (gloves unavailable)
MR       +....                  (boots unavailable)
Stlth    +++.......             h - amulet of magic regeneration
HPRegen  0.10/turn              (no ring)
MPRegen  0.40/turn              (no ring)

@: quick
A: very small, no armour, no weapons or thrown items, stealth, claws 1, fangs 3,
horns 1, see invisible, carnivore, speed 1, shaggy fur 2, slow metabolism 1,
sharp paws
a: Renounce Religion


You were on level 7 of the Dungeon.
You worshipped Vehumet.
Vehumet was noncommittal.
You were not hungry.

You visited 2 branches of the dungeon, and saw 8 of its levels.

You collected 269 gold pieces.
You spent 79 gold pieces at shops.

Inventory:

Jewellery
 h - an amulet of magic regeneration (around neck)
   (You found it on level 3 of the Dungeon)
Wands
 m - a wand of polymorph (7)
   (You found it on level 5 of the Dungeon)
 t - a wand of flame (18)
   (You found it on level 4 of the Dungeon)
 x - a wand of acid (10)
   (You found it on level 4 of the Dungeon)
Scrolls
 a - 2 scrolls of immolation
 b - a scroll of amnesia {unknown}
 c - 2 scrolls of noise
 f - 2 scrolls of magic mapping
 g - 5 scrolls of teleportation
 j - a scroll of fear {unknown}
 l - a scroll of fog
 n - a scroll of vulnerability {unknown}
 o - a scroll of random uselessness {unknown}
 p - a scroll of blinking
Potions
 d - a potion of invisibility
 i - 2 potions of lignification
 k - a potion of heal wounds
Comestibles
 e - 15 rations


   Skills:
 + Level 4.1 Fighting
 - Level 2.6 Dodging
 - Level 2.6 Stealth
 * Level 5.9 Spellcasting
 + Level 3.9 Conjurations
 * Level 6.3 Air Magic


You had 7 spell levels left.
You knew the following spells:

 Your Spells              Type           Power        Failure   Level  Hunger
a - Shock                 Conj/Air       ####         1%          1    None
b - Lightning Bolt        Conj/Air       ####......   36%         5    #####..
c - Airstrike             Air            ####......   9%          4    ####...

Your spell library contained the following spells:

 Spells                   Type           Power        Failure   Level  Hunger
 Swiftness                Chrm/Air       ###.....     4%          2    None
 Static Discharge         Conj/Air       ####....     4%          3    ##.....


Dungeon Overview and Level Annotations

Branches:
Dungeon (7/15)             Temple (1/1) D:6

Altars:
Ashenzari
Cheibriados
Dithmenos
Fedhas
Gozag
Hepliaklqana
Makhleb
Nemelex Xobeh
Qazlal
Ru
Trog
Vehumet
Yredelemnul
Zin
The Shining One

Shops:
D:6 ?([*[

Annotations:
D:7 exclusion: oklob plant, Maggie


Innate Abilities, Weirdness & Mutations

You cannot wear armour.
You are incapable of wielding weapons or throwing items.
Your paws allow you to move quietly. (Stealth)
You have sharp claws.
You have razor-sharp teeth.
You have supernaturally acute eyesight. (SInv)
You are carnivorous and can eat meat at any time.
You cover ground quickly.
You are covered in thick fur. (AC +2)
You have a slow metabolism.
Your sharp claws are effective at attacking unaware monsters.
You have a pair of small horns on your head.


Message History

The zap hits the plant!
You destroy the plant!
The zap hits the oklob plant but does no damage.
The oklob plant spits acid at you. The splash of acid hits you!
The acid corrodes you!
You are splashed with acid!
* * * LOW HITPOINT WARNING * * *
You start resting.
You are no longer corroded.
You start resting.
You start resting.
Really walk into a travel-excluded area?
Aim: an oklob plant (hasn't noticed you)
The air twists around and strikes the oklob plant!
Aim: an oklob plant (lightly damaged)
The air twists around and strikes the oklob plant!
Aim: an oklob plant (moderately damaged)
The air twists around and strikes the oklob plant!
Aim: an oklob plant (heavily damaged)
The air twists around and strikes the oklob plant.
The oklob plant spits acid at you. The splash of acid hits you!
You are splashed with acid!
* * * LOW HITPOINT WARNING * * *
You start resting.
You start resting.
Found a spear.
You see here a spear.
Maggie the Vainglorious comes into view.
She is wielding a +0 broad axe.
Aim: Maggie, wielding a +0 broad axe and wearing +0 steam dragon scales (resting)
The air twists around and strikes Maggie!
Maggie shouts!
Aim: Maggie, wielding a +0 broad axe and wearing +0 steam dragon scales (moderately wounded)
The air twists around and strikes Maggie!
Aim: Maggie, wielding a +0 broad axe and wearing +0 steam dragon scales (moderately wounded)
The air twists around and strikes Maggie.
Aim: Maggie, wielding a +0 broad axe and wearing +0 steam dragon scales (heavily wounded)
The air twists around and strikes Maggie!
You don't have enough magic to cast that spell.
Aim: Maggie, wielding a +0 broad axe and wearing +0 steam dragon scales (heavily wounded)
The zap hits Maggie!
Maggie says, "Fear not.
I will immortalize you in the tale of my first kill."
Maggie misses you.
Aim: Maggie, wielding a +0 broad axe and wearing +0 steam dragon scales (severely wounded)
The zap hits Maggie.
Maggie gestures at you while chanting. The bolt of fire hits you!!!
Ouch! That really hurt!
You die...
You are now level 7!
You rejoin the land of the living...
Found a pair of gloves, 2 rations and a potion of heal wounds.

..###
....#
##.%....##
.##.....
.........
.# #####
#........
.#
#.....!.
.# #%....#
##
##.....##
#.......#
#.....@.#
#.......#
##...[.##
##...##
####


There were no monsters in sight!

Vanquished Creatures
  An orc warrior (D:6)
  An ogre (D:4)
  2 phantoms (D:4)
  A centaur (D:5)
  A bullfrog (D:7)
  2 scorpions (D:6)
  A howler monkey (D:4)
  A bullfrog zombie (D:5)
  3 crimson imps
  2 orc priests (D:6)
  A bullfrog skeleton (D:4)
  A hound (D:5)
  A centaur skeleton (D:7)
  A jelly (D:6)
  2 iguanas
  6 worker ants
  4 orc wizards
  2 killer bee zombies
  A howler monkey zombie (D:7)
  6 adders
  4 gnolls (D:7)
  A shadow imp (D:7)
  An adder skeleton (D:4)
  5 worms
  A dart slug (D:4)
  5 leopard geckos
  15 orcs
  A ball python (D:1)
  4 giant cockroaches
  8 hobgoblins
  4 jackals (D:2)
  6 kobolds
  2 quokkas
  9 bats
  4 frilled lizards
  6 goblins
  A jackal skeleton (D:4)
  A quokka zombie (D:6)
  9 rats
  A plant (D:7)
128 creatures vanquished.

Vanquished Creatures (others)
  An orc wizard (D:5)
1 creature vanquished.

Grand Total: 129 creatures vanquished

Notes
Turn   | Place    | Note
-------+----------+-------------------------------------------
     0 | D:1      | vurker the Felid Air Elementalist began the quest for the
                  | Orb.
     0 | D:1      | Reached XP level 1. HP: 7/7 MP: 4/4
   127 | D:1      | Reached skill level 1 in Conjurations
   319 | D:1      | Reached XP level 2. HP: 12/12 MP: 4/6
   490 | D:1      | Reached skill level 3 in Air Magic
  1764 | D:2      | Reached skill level 1 in Fighting
  1764 | D:2      | Reached XP level 3. HP: 6/15 MP: 1/7
  2431 | D:2      | Found a snail-covered altar of Cheibriados.
  2573 | D:2      | Found a faded altar of an unknown god.
  2959 | D:2      | Reached XP level 4. HP: 19/19 MP: 1/9
  3175 | D:2      | Found a glowing golden altar of the Shining One.
  3175 | D:2      | Found a stormy altar of Qazlal.
  3379 | D:2      | Found a faded altar of an unknown god.
  3547 | D:2      | Found a snail-covered altar of Cheibriados.
  4442 | D:2      | Found a glowing golden altar of the Shining One.
  4442 | D:2      | Found a stormy altar of Qazlal.
  4508 | D:4      | Gained mutation: You have a pair of small horns on your
                  | head. [potion of mutation]
  4508 | D:4      | Gained mutation: You are covered in thick fur. (AC +2)
                  | [potion of mutation]
  4576 | D:4      | Reached XP level 5. HP: 22/22 MP: 8/10
  4656 | D:4      | Reached skill level 4 in Air Magic
  4662 | D:4      | Killed from afar by an orc wizard
  4663 | D:4      | Reached XP level 4. HP: -2/19 MP: 10/10
  4945 | D:4      | Noticed an ogre
  4971 | D:4      | Killed an ogre
  4971 | D:4      | Reached XP level 5. HP: 22/22 MP: 6/11
  5021 | D:4      | Noticed a phantom
  5067 | D:4      | Killed a phantom
  5067 | D:4      | Mutation became permanent: You are covered in fur. (AC +1)
                  | [Felid growth]
  5067 | D:4      | Gained mutation: You are covered in thick fur. (AC +2)
                  | [Felid growth]
  5067 | D:4      | Reached XP level 6. HP: 14/27 MP: 9/12
  5220 | D:4      | Learned a level 5 spell: Lightning Bolt
  5225 | D:4      | Learned a level 4 spell: Airstrike
  5420 | D:4      | Identified the +4 falchion of Jatun {elec, Fragile MR+++
                  | Stlth+}
  5900 | D:4      | Reached skill level 5 in Air Magic
  5900 | D:4      | Reached XP level 7. HP: 12/31 MP: 0/14
  6146 | D:5      | Entered Level 5 of the Dungeon
  6812 | D:5      | Reached skill level 5 in Spellcasting
  7091 | D:6      | Found Baag's Assorted Antiques.
  7099 | D:6      | Bought a scroll labeled FEUHOI MIPLUPH for 23 gold pieces
  7319 | D:6      | Found Fabriuh's Magic Scroll Emporium.
  7345 | D:5      | Reached XP level 8. HP: 28/35 MP: 5/17
  7458 | D:6      | Found a staircase to the Ecumenical Temple.
  7571 | D:6      | Bought a scroll of identify for 28 gold pieces
  7571 | D:6      | Bought a scroll of identify for 28 gold pieces
  7601 | Temple   | Entered the Ecumenical Temple
  7657 | Temple   | Became a worshipper of Vehumet
  7739 | D:6      | Found Henleow's Antique Weapon Boutique.
  7751 | D:6      | Found Raosm's Antique Armour Emporium.
  7756 | D:6      | Reached skill level 6 in Air Magic
  7931 | D:6      | Found Vuly's Armour Emporium.
  8438 | D:7      | Found a shattered altar of Ashenzari.
  8438 | D:7      | Noticed an oklob plant
  8924 | D:7      | Noticed Maggie
  8932 | D:7      | Killed from afar by Maggie
  8933 | D:7      | Reached XP level 7. HP: 0/32 MP: 2/16
  8933 | D:7      | Quit the game

Levels and vault maps discovered:
D:1:      evilmike_arrival_fibonacci_small, layout_loops_corners
D:2:      layout_rooms, cheibriados_altar_1, nicolae_overflow_hidden_temple,
          first_ration, chequers_ecumenical_altar_lobes, minmay_octomino_c4
D:3:      layout_basic
D:4:      minmay_opposing_rooms, layout_loops_ring, minmay_box_of_dots
D:5:      layout_rooms, chequers_serial_rivers_micro_d
D:6:      layout_rooms, temple_statues, serial_shops, nicolae_shop_statue_plus,
          kennysheep_mini_moat, nicolae_shop_crystal, nicolae_shop_crystal,
          shop_fountains
D:7:      layout_rooms, lemuel_oklob_altar, uniq_maggie
Temple:   regret_index_temple_waves

Skill      XL: |  1  2  3  4  5  6  7  8 |
---------------+-------------------------+-----
Conjurations   | 1 2 3 |  3.9
Air Magic      | 3 4 5 6 |  6.3
Fighting       | 1 2 3 4 |  4.1
Spellcasting   | 3 4 5 |  5.9
Dodging        | |  2.6
Stealth        | |  2.6

Action                   |  1- 3 |  4- 6 |  7- 9 || total
-------------------------+-------+-------+-------++-------
Melee: Unarmed           |    13 |    25 |       ||    38
       Bite              |     2 |     2 |       ||     4
       Headbutt          |       |     6 |       ||     6
 Cast: Shock             |   111 |   145 |    35 ||   291
       Airstrike         |       |    13 |    80 ||    93
  Use: Scroll            |       |     7 |     5 ||    12
       Potion            |       |     1 |     2 ||     3
  Eat: Chunk             |    12 |    13 |    18 ||    43
Armor: Skin              |     2 |     3 |     2 ||     7
Dodge: Dodged            |    29 |    38 |     7 ||    74

Table legend:
 A = Non-vault XP
 B = Vault XP
 C = Vault XP percentage of total XP
 D = Non-vault monster count
 E = Vault monster count
 F = Vault count percentage of total count
                 A         B        C        D         E       F
            +---------+---------+-------+---------+---------+-------
      Total |    1809 |     392 |  17.8 |     113 |      15 |  11.7
            +---------+---------+-------+---------+---------+-------
        D:1 |      30 |       0 |   0.0 |      20 |       0 |   0.0
        D:2 |      66 |      42 |  38.9 |      22 |       7 |  24.1
        D:3 |      48 |       0 |   0.0 |      15 |       0 |   0.0
        D:4 |     427 |     350 |  45.0 |      16 |       8 |  33.3
        D:5 |     359 |       0 |   0.0 |      11 |       0 |   0.0
        D:6 |     663 |       0 |   0.0 |      20 |       0 |   0.0
        D:7 |     216 |       0 |   0.0 |       9 |       0 |   0.0
            +---------+---------+-------+---------+---------+-------
